Map: Invader LE

Players

Raguel

  • Race: Zerg Zerg
  • League: Diamond

Nuckzer - Winner!

  • Race: Zerg Zerg
  • League: Diamond

VOD

Have the link to the VOD?

Description

Time

  • Played on: May 14, 2016, 1:38 p.m.
  • Length: 9:18
Show
View Real Time Build Order
Export as new Build Order

Raguel Zerg 

Build Orders: Hatch First 

Get SALT Encoding   

  12  0:01  Drone  
  13  0:13  Overlord  
  13  0:17  Drone  
  14  0:31  Drone x2  
  14  0:35  Drone  
  17  0:55  Hatchery  
  16  1:00  Drone  
  17  1:18  Spawning Pool  
  16  1:20  Drone x2, Extractor  
  16  1:22  Drone  
  18  1:36  Drone  
  19  1:47  Overlord  
  19  2:06  Zergling x4  
  19  2:07  Queen x2  
  25  2:22  Drone x3  
  28  2:24  Metabolic Boost  
  28  2:34  Drone  
  28  2:35  Drone  
  30  2:45  Baneling Nest  
  30  2:49  Drone x3  
  32  2:54  Overlord  
  32  3:16  Queen  
  32  3:17  Zergling x4  
  35  3:20  Drone x2  
  37  3:35  Baneling x2  
  37  3:38  Hatchery  
  36  3:49  Baneling x2  
  36  3:50  Zergling x16  
  44  3:57  Overlord x2  
  44  4:16  Drone x4  
  47  4:24  Baneling x2  
  47  4:32  Drone x8  
  55  4:43  Lair  
  55  4:45  Drone x2, Extractor  
  54  4:47  Extractor  
  54  4:56  Zergling x8  
  57  5:04  Drone x5  
  59  5:14  Zergling x4  
  59  5:22  Extractor  
  59  5:26  Baneling x7  
  59  5:27  Zergling x10  
  63  5:40  Drone x2  
  65  5:43  Overlord x3  
  65  6:01  Spire  
  61  6:17  Zergling x6  
  61  6:18  Zergling x20  
  68  6:37  Baneling x9  
  68  6:39  Spine Crawler  
  67  6:44  Spore Crawler  
  59  6:56  Spore Crawler  
  59  6:58  Spore Crawler  
  59  7:00  Spore Crawler  
  57  7:14  Mutalisk  
  57  7:15  Mutalisk x5  
  65  7:28  Mutalisk  
  65  7:29  Mutalisk  
  66  7:30  Zergling x6  
  66  7:31  Zergling x12  
  69  7:48  Zergling x4  
  71  8:10  Mutalisk x2  
  75  8:13  Hatchery  
  75  8:15  Overlord x3  
  69  8:34  Zergling x8  
  69  8:42  Mutalisk  
  71  8:49  Spore Crawler  
Show
View Real Time Build Order
Export as new Build Order

Nuckzer Zerg - Winner!

Build Orders: Hatch First 

Get SALT Encoding   

  12  0:01  Drone  
  13  0:08  Drone  
  14  0:18  Overlord  
  14  0:26  Drone, Extractor  
  15  0:36  Drone  
  15  0:40  Drone  
  17  0:55  Hatchery  
  16  0:59  Drone  
  17  1:05  Extractor  
  17  1:09  Drone  
  17  1:20  Spawning Pool  
  17  1:22  Drone  
  17  1:26  Drone  
  19  1:32  Drone  
  19  1:50  Drone  
  19  1:51  Drone  
  21  2:03  Overlord  
  21  2:06  Queen  
  21  2:07  Queen  
  25  2:10  Metabolic Boost  
  25  2:22  Zergling x4  
  27  2:24  Drone x2  
  27  2:29  Baneling Nest  
  28  2:45  Queen  
  28  2:50  Queen  
  32  3:03  Drone x4  
  36  3:19  Overlord x3  
  36  3:36  Overlord x2  
  36  3:37  Drone x3  
  39  3:42  Drone x2  
  40  3:50  Drone x5  
  40  3:51  Drone  
  46  3:58  Lair  
  46  4:03  Drone x2  
  46  4:04  Drone  
  49  4:15  Extractor  
  48  4:17  Extractor x2  
  48  4:19  Drone x2  
  48  4:20  Drone  
  48  4:26  Drone  
  48  4:27  Drone x3  
  52  4:32  Drone  
  53  4:45  Zergling x2  
  53  4:46  Zergling x6  
  53  4:49  Hatchery  
  56  4:59  Zergling x8  
  56  5:05  Zergling x4  
  48  5:16  Zergling x2  
  48  5:22  Zergling x6  
  48  5:25  Baneling x2  
  48  5:26  Baneling  
  48  5:27  Baneling  
  51  5:30  Zergling x8  
  55  5:36  Spire  
  55  5:38  Drone  
  55  5:46  Zergling x4  
  50  6:19  Baneling x2  
  50  6:23  Zergling x14  
  50  6:24  Zergling x12  
  63  6:51  Overlord x3  
  63  6:53  Mutalisk x3  
  68  6:55  Zerg Flyer Armor Level 1  
  68  6:59  Hatchery  
  68  7:01  Baneling x4  
  59  7:36  Mutalisk  
  55  7:37  Mutalisk x11  
  77  8:00  Overlord x2  
  77  8:01  Mutalisk x3  
  83  8:17  Mutalisk  
  85  8:32  Mutalisk  
  85  8:33  Mutalisk  
  89  8:35  Zergling x12  
  89  8:36  Zergling x4  
  89  8:48  Mutalisk x2  
  93  9:02  Drone x6  
Tags
 
Add a new tag
Caveats
  • Supply blocks, unpowered buildings, or Contaminate may cause inaccurate times.
  • Supply counts are checked every 10 seconds.